 Dungeon Crawl Stone Soup version 0.29.1-12-g30fa7ad0bf (webtiles) character file.

Game seed: 10351828331445914879

15 Brecoman the Sneak (level 2, 0/15 HPs)
             Began as a Kobold Enchanter on Oct 20, 2022.
             Slain by a bat (1 damage)
             ... on level 1 of the Dungeon on Dec 13, 2022.
             The game lasted 00:04:25 (850 turns).

Brecoman the Sneak (Kobold Enchanter)                Turns: 850, Time: 00:04:26

Health: 0/15       AC:  2    Str:  5    XL:     2   Next: 65%
Magic:  3/5        EV: 15    Int: 16    God:
Gold:   33         SH:  0    Dex: 15    Spells: 3/5 levels left

rFire   . . .      SeeInvis .   a - +1 dagger
rCold   . . .      Faith    .   (no shield)
rNeg    . . .      Spirit   .   b - +0 robe
rPois   .          Reflect  .   (no helmet)
rElec   .          Harm     .   (no cloak)
rCorr   .          Rampage  .   (no gloves)
Will    .....                   (no boots)
Stlth   ++++......              (no amulet)
HPRegen 0.05/turn               (no ring)
MPRegen 0.09/turn               (no ring)

@: no status effects
A: small, no large weapons, nightstalker 3
a: no special abilities


You were on level 1 of the Dungeon.
You visited 1 branch of the dungeon, and saw 1 of its levels.

You collected 33 gold pieces.

Inventory:

Hand Weapons
 a - a +1 dagger (weapon)
Armour
 b - a +0 robe (worn)
Potions
 c - 2 potions of invisibility
 d - a potion of mutation {unknown}


   Skills:
 + Level 1.8 Short Blades
 + Level 2.6 Dodging
 + Level 4.2 Stealth
 + Level 2.3 Spellcasting
 + Level 3.1 Hexes
 + Level 0.5 Ice Magic


You had 3 spell levels left.
You knew the following spells:

 Your Spells              Type           Power      Damage    Failure   Level
a - Ensorcelled Hibernat  Hex/Ice        14%        N/A       14%         2

Your spell library contained the following spells:

 Spells                   Type           Power      Damage    Failure   Level
 Confusing Touch          Hex            11%        N/A       17%         3
 Tukima's Dance           Hex            11%        N/A       17%         3
 Dazzling Flash           Conj/Hex       12%        N/A       32%         3


Dungeon Overview and Level Annotations

Branches:
Dungeon (1/15)

Altars:


Innate Abilities, Weirdness & Mutations

You are small and have problems with some larger weapons.
You are completely attuned to the shadows.


Message History

The jackal attacks as you move away! The jackal barely misses you.
The jackal bites you but does no damage.
The bat hits the plant.
The plant begins to die.
The jackal attacks as you move away! The jackal barely misses you.
The bat hits the plant. x2
The quokka attacks as you move away! The quokka bites you.
The bat hits the plant.
The quokka twitches its whiskers.
The quokka bites you.
The bat hits the plant.
The plant begins to die.
The quokka attacks as you move away! The quokka closely misses you.
A jackal comes into view.
The bat hits the plant. x2; The quokka bites the plant.
The quokka attacks as you move away! The quokka misses you.
The jackal attacks as you move away! The jackal completely misses you.
The quokka attacks as you move away! The quokka barely misses you.
The jackal attacks as you move away! The jackal barely misses you.
The jackal bites you. The bat closely misses you.
The bat attacks as you move away! The bat closely misses you. The bat hits you.
The bat misses you. The jackal attacks as you move away!
The jackal barely misses you. The bat attacks as you move away!
The bat barely misses you. The bat misses you. The jackal barely misses you.
The bat hits you but does no damage. The jackal attacks as you move away!
The jackal closely misses you. The jackal bites you.
* * * LOW HITPOINT WARNING * * *
The bat closely misses you. The bat attacks as you move away!
The bat closely misses you. The bat misses you.
The bat hits you but does no damage. The bat attacks as you move away!
The bat barely misses you. The bat closely misses you.
The bat closely misses you. The bat attacks as you move away!
The bat completely misses you. The bat barely misses you. The bat hits you.
* * * LOW HITPOINT WARNING * * *
The bat hits you.
* * * LOW HITPOINT WARNING * * *
The bat attacks as you move away! The bat misses you. The bat hits you.
You die...

....P.♣PPP....#
≈≈.......
.....♣.♣...###
≈≈≈......
.......PP..## .....#
≈≈≈.<8..8
............+ .....#
≈≈≈§.....
.......##'#r# ....#
≈≈.§.....
.......##.#h# ###..#
##.8..... ......##.#.#
#....# #.......
####.....#.####.##.###
####.#.#
#######.r.b@.##...##
#...# ##########...#
###.# #...# #..
#...#########
#...'........
#...####..... #####
#..... #..... #####.


You could see a quokka and a bat.

Vanquished Creatures
  A dart slug (D:1)
  4 endoplasms (D:1)
  A giant cockroach (D:1)
  2 goblins (D:1)
  A jackal (D:1)
  A kobold (D:1)
  A rat (D:1)
11 creatures vanquished.

Vanquished Creatures (others)
  A fungus (D:1)
  2 plants (D:1)
3 creatures vanquished.

Grand Total: 14 creatures vanquished

Notes
Turn   | Place    | Note
-------+----------+-------------------------------------------
     0 | D:1      | Brecoman the Kobold Enchanter began the quest for the Orb.
     0 | D:1      | Reached XP level 1. HP: 10/10 MP: 3/3
    13 | D:1      | Upgraded the game from 0.29.1-1-gd02db6906a to
                  | 0.29.1-12-g30fa7ad0bf
   173 | D:1      | Reached XP level 2. HP: 15/15 MP: 5/5
   176 | D:1      | Learned a level 2 spell: Ensorcelled Hibernation
   819 | D:1      | Found a faded altar of an unknown god.
   850 | D:1      | Slain by a bat

Illustrated notes

Levels and vault maps discovered:
D:1:      grunt_arrival_lava_bath, layout_basic,
          dreamdust_ecumenical_altar_grove, roderic_filled_cross, st_stairs_12,
          chequers_serial_rivers_small_a

Action                   || total
-------------------------++-------
Melee: Dagger            ||    19
 Cast: Ensorcelled Hiber ||     9
 Stab: Sleeping          ||    10
Armor: Robe              ||     8
Dodge: Dodged            ||    48
